 Dungeon Crawl Stone Soup version 0.25-a0-632-g7713895373 (webtiles) character file.

Game seed: 292756102281280133, levelgen mode: deterministic

16 An17 the Skirmisher (level 2, 0/24 HPs)
             Began as a Demonspawn Wanderer on Mar 19, 2020.
             Slain by a gnoll
             ... wielding a +0 whip
              (6 damage)
             ... on level 1 of the Dungeon.
             The game lasted 00:01:50 (225 turns).

An17 the Skirmisher (Demonspawn Wanderer)            Turns: 225, Time: 00:01:51

Health: 0/24       AC:  3    Str: 15    XL:     2   Next: 41%
Magic:  2/2        EV: 10    Int: 13    God:
Gold:   29         SH:  4    Dex:  9    Spells: 1/1 levels left

rFire    . . .     SeeInvis .   a - +0 falchion
rCold    . . .     Gourm    .   (no shield)
rNeg     . . .     Faith    .   h - +0 leather armour
rPois    .         Spirit   .   (no helmet)
rElec    .         Reflect  .   (no cloak)
rCorr    .         Harm     .   (no gloves)
MR       .....                  (no boots)
Stlth    +.........             (no amulet)
HPRegen  0.08/turn              (no ring)
MPRegen  0.08/turn              (no ring)

@: no status effects
A: large bone plates 1
a: no special abilities


You were on level 1 of the Dungeon.
You were not hungry.

You visited 1 branch of the dungeon, and saw 1 of its levels.

You collected 29 gold pieces.

Inventory:

Hand Weapons
 a - a +0 falchion (weapon)
Armour
 c - a +0 kite shield
 h - a +0 leather armour (worn)
Scrolls
 b - a scroll of teleportation
 e - a scroll of remove curse
Potions
 d - 2 potions of magic {unknown}
 g - a potion of haste {unknown}
Comestibles
 f - a ration


   Skills:
 + Level 3.3 Fighting
 + Level 3.2 Long Blades
   Level 1.0 Crossbows
 + Level 1.0 Throwing
 - Level 1.0 Stealth
 + Level 1.0 Shields


You had one spell level left.
You didn't know any spells.
Your spell library was empty.

Dungeon Overview and Level Annotations

Branches:
Dungeon (1/15)

Altars:


Innate Abilities, Weirdness & Mutations

You are partially covered in large bone plates. (SH +4)


Message History

You hit the gnoll but do no damage. The gnoll closely misses you.
You riposte.
You closely miss the gnoll. You closely miss the gnoll.
The gnoll hits you with a +0 whip.
You hit the gnoll but do no damage. The gnoll hits you with a +0 whip.
You hit the gnoll.
The gnoll is lightly wounded.
The gnoll hits you with a +0 whip.
* * * LOW HITPOINT WARNING * * *
You hit the gnoll.
The gnoll is moderately wounded.
The gnoll hits you with a +0 whip.
* * * LOW HITPOINT WARNING * * *
The gnoll closely misses you.
You barely miss the gnoll.
The gnoll is moderately wounded.
The gnoll hits you but does no damage.
You hit the gnoll but do no damage.
The gnoll is moderately wounded.
The gnoll hits you with a +0 whip.
You die...

#..# #..# #..# #..#
####.. #### ##.##.#
..##. ###.#.#.########
......##.)###..@g.....#
#.# #......#...........
#.# #.##.##..##.#.#.#.#
#.# #.##.##..##..## ..
##.###.##.##..##.## .
#.#.##.##.##..##..
.###.#.##.##......
#.#.##.##.###.#####
##.###.##.#


You could see a gnoll.

Vanquished Creatures
  2 dart slugs (D:1)
  2 goblins (D:1)
  4 jackals (D:1)
  2 bats (D:1)
  2 rats (D:1)
12 creatures vanquished.

Notes
Turn   | Place    | Note
-------+----------+-------------------------------------------
     0 | D:1      | An17 the Demonspawn Wanderer began the quest for the Orb.
     0 | D:1      | An17 set off with the following items: a +0 falchion, a
                  | scroll of teleportation, a +0 kite shield, a +0 robe, a
                  | ration
     0 | D:1      | Reached XP level 1. HP: 18/18 MP: 1/1
    80 | D:1      | Gained mutation: You are partially covered in large bone
                  | plates. (SH +4) [demonic ancestry]
    80 | D:1      | Reached XP level 2. HP: 13/24 MP: 2/2
   225 | D:1      | Slain by a gnoll

Levels and vault maps discovered:
D:1:      dpeg_arrival_rooms_c, layout_loops_ring

Skill      XL: |  1 |
---------------+----+-----
Long Blades    | 3 |  3.2
Fighting       | |  3.3
Crossbows      | |  1.0
Throwing       | |  1.0
Stealth        | |  1.0
Shields        | |  1.0

Action                   || total
-------------------------++-------
Melee: Falchion          ||    56
  Use: Scroll            ||     1
Armor: Robe              ||     7
       Leather armour    ||     9
Dodge: Dodged            ||    31
Block: Kite shield       ||     7
       Other             ||     6
       Rpst.: Falchion   ||     9

Table legend:
 A = Non-vault XP
 B = Vault XP
 C = Vault XP percentage of total XP
 D = Non-vault monster count
 E = Vault monster count
 F = Vault count percentage of total count
                 A         B        C        D         E       F
            +---------+---------+-------+---------+---------+-------
      Total |      24 |       0 |   0.0 |      12 |       0 |   0.0
            +---------+---------+-------+---------+---------+-------
        D:1 |      24 |       0 |   0.0 |      12 |       0 |   0.0
            +---------+---------+-------+---------+---------+-------
